 Dungeon Crawl Stone Soup version 0.26.0-15-gc6cd9f7 (webtiles) character file.

Game seed: 14175580484473110141

1352 TalculmPowers the Skirmisher (level 8, -3/74 HPs)
             Began as a Ghoul Fighter on Jan 22, 2021.
             Was a Believer of Okawaru.
             Slain by an orc warrior
             ... wielding a +0 battleaxe
              (22 damage)
             ... on level 6 of the Dungeon on Jan 23, 2021.
             The game lasted 00:31:14 (5506 turns).

TalculmPowers the Skirmisher (Ghoul Fighter)        Turns: 5506, Time: 00:31:14

Health: -3/74      AC:  9    Str: 21    XL:     8   Next: 63%
Magic:  7/7        EV:  7    Int:  4    God:    Okawaru [**....]
Gold:   237        SH:  9    Dex:  8    Spells: 7/7 levels left

rFire    . . .     SeeInvis .   h - +4 war axe
rCold    + . .     Faith    .   c - +0 kite shield
rNeg     + + +     Spirit   .   b - +0 scale mail
rPois    ∞         Reflect  .   m - +0 helmet
rElec    .         Harm     .   u - +0 cloak
rCorr    .         Rampage  .   (no gloves)
Will     .....                  (no boots)
Stlth    ..........             (no amulet)
HPRegen  0.00/turn              (no ring)
MPRegen  0.10/turn              (no ring)

@: mighty
A: claws 1, cold resistance 1, negative energy resistance 3, inhibited
regeneration, torment resistance, unbreathing
a: Renounce Religion, Heroism


You were on level 6 of the Dungeon.
You worshipped Okawaru.
Okawaru was pleased with you.
You visited 1 branch of the dungeon, and saw 6 of its levels.

You collected 237 gold pieces.

Inventory:

Hand Weapons
 h - a +4 war axe (weapon)
Missiles
 e - 150 stones (quivered)
 i - 3 silver boomerangs
 n - 15 poisoned darts
Armour
 a - a +0 plate armour
 b - a +0 scale mail (worn)
 c - a +0 kite shield (worn)
 m - a +0 helmet (worn)
 u - a +0 cloak (worn)
Jewellery
 o - an uncursed ring of stealth
 t - an uncursed ring of stealth
Wands
 v - a wand of polymorph (20)
Scrolls
 f - a scroll of amnesia
 k - 4 scrolls of fear
 l - a scroll of remove curse
 q - a scroll of magic mapping
 r - 3 scrolls of teleportation
 s - 5 scrolls of identify
 x - a scroll of blinking
Potions
 d - 2 potions of might
 j - 2 potions of curing
 p - 3 potions of brilliance
 w - a potion of ambrosia


   Skills:
 * Level 7.8 Fighting
 + Level 4.4 Axes
 + Level 4.9 Armour
 + Level 5.0 Shields


You had 7 spell levels left.
You didn't know any spells.
Your spell library was empty.

Dungeon Overview and Level Annotations

Branches:
Dungeon (6/15)
 Temple: D:4-7

Altars:
Ashenzari
Cheibriados
Gozag
Okawaru
Zin


Innate Abilities, Weirdness & Mutations

You thrive by killing the living.
You are immune to poison.
You have sharp fingernails.
Your flesh is cold resistant. (rC+)
You are immune to negative energy. (rN+++)
You do not regenerate when monsters are visible.
You are immune to unholy pain and torment.
You can survive without breathing.


Message History

The orc warrior is lightly wounded.
The orc warrior hits you with a +0 battleaxe!!
You hit the orc warrior.
The orc warrior is moderately wounded.
The orc warrior barely misses you.
You completely miss the orc warrior.
The orc warrior is moderately wounded.
The orc warrior hits you with a +0 battleaxe!
Your shield prevents you from hitting the orc warrior.
The orc warrior is moderately wounded.
The orc warrior hits you with a +0 battleaxe!
* * * LOW HITPOINT WARNING * * *
You feel much better.
The orc warrior hits you with a +0 battleaxe!
* * * LOW HITPOINT WARNING * * *
You feel very mighty all of a sudden.
You barely miss the orc warrior.
The orc warrior is moderately wounded.
The orc warrior hits you with a +0 battleaxe!!
You die...

.# #.# .# ... ....⌠ #
#.###.#..8. #.
#..........
#.###.##...#.##.
#..(...........#
#..@...........#
.....#o##..........##
... ... #............
. ...## #..........#
....( #...††.....#
.(.. #.###<###### ...
#.# #.# (.. #.. ..#
#.###..


You could see an orc warrior.

Vanquished Creatures
  Grinder (D:3)
  Menkaure (D:5)
  Edmund (D:5)
  A sky beast (D:5)
  2 centaurs (D:5)
  A bullfrog (D:5)
  2 howler monkeys (D:4)
  2 orc priests
  A jelly (D:5)
  2 bullfrog skeletons
  A hound (D:4)
  Natasha (thrice) (D:3)
  An orc wizard (D:5)
  2 worker ants (D:5)
  A hound zombie (D:5)
  A hound skeleton (D:5)
  Robin (D:3)
  7 adders
  A shadow imp (D:5)
  A white imp (D:2)
  A worm (D:2)
  A dart slug (D:1)
  3 leopard geckos
  15 orcs
  6 giant cockroaches
  11 goblins
  7 hobgoblins
  4 jackals (D:1)
  4 quokkas
  7 bats
  3 frilled lizards
  A jackal skeleton (D:5)
  3 kobolds
  A leopard gecko skeleton (D:4)
  2 quokka skeletons
  7 rats
  A bush (D:3)
110 creatures vanquished.

Vanquished Creatures (others)
  A plant (D:3)
1 creature vanquished.

Grand Total: 111 creatures vanquished

Notes
Turn   | Place    | Note
-------+----------+-------------------------------------------
     0 | D:1      | TalculmPowers the Ghoul Fighter began the quest for the
                  | Orb.
     0 | D:1      | Reached XP level 1. HP: 19/19 MP: 0/0
   343 | D:1      | Reached XP level 2. HP: 26/26 MP: 1/1
   615 | D:1      | Found a broken altar of Ashenzari.
   822 | D:1      | Reached XP level 3. HP: 33/33 MP: 2/2
  1174 | D:2      | Reached skill level 4 in Fighting
  1297 | D:2      | Reached XP level 4. HP: 29/40 MP: 3/3
  1692 | D:2      | Found an iron altar of Okawaru.
  1700 | D:2      | Became a worshipper of Warmaster Okawaru
  1843 | D:2      | Reached XP level 5. HP: 47/47 MP: 4/4
  2119 | D:3      | Noticed Robin
  2143 | D:3      | Killed Robin
  2332 | D:3      | Noticed Grinder
  2332 | D:3      | Paralysed by Grinder for 5 turns
  2359 | D:3      | Killed Grinder
  2360 | D:3      | Reached skill level 5 in Fighting
  2360 | D:3      | Reached XP level 6. HP: 26/56 MP: 5/5
  2585 | D:3      | Noticed Natasha
  2594 | D:3      | Killed Natasha
  2675 | D:3      | Reached * piety under Okawaru
  3039 | D:3      | Noticed Natasha
  3044 | D:3      | Killed Natasha
  3054 | D:3      | Noticed Natasha
  3071 | D:3      | Killed Natasha
  3072 | D:3      | Reached XP level 7. HP: 27/62 MP: 6/6
  3579 | D:4      | Found a snail-covered altar of Cheibriados.
  3684 | D:4      | Reached skill level 6 in Fighting
  4190 | D:5      | Entered Level 5 of the Dungeon
  4524 | D:5      | Reached XP level 8. HP: 71/71 MP: 7/7
  4551 | D:5      | Reached ** piety under Okawaru
  4552 | D:5      | Reached skill level 7 in Fighting
  4658 | D:5      | Noticed Edmund
  4663 | D:5      | Killed Edmund
  5262 | D:5      | Noticed Menkaure
  5268 | D:5      | Killed Menkaure
  5269 | D:5      | Reached skill level 5 in Shields
  5311 | D:5      | Found an opulent altar of Gozag.
  5311 | D:5      | Found a glowing silver altar of Zin.
  5506 | D:6      | Slain by an orc warrior

Illustrated notes

Levels and vault maps discovered:
D:1:      dpeg_arrival_orchard, layout_rooms, serial_corexii_hall,
          chequers_hall_statues_y, corexii_hall_statues_u,
          chequers_serial_rivers_micro_a, evilmike_ruin_ashenzari
D:2:      layout_basic, lemuel_crystal_altar
D:3:      layout_loops_ring, serial_forest, infiniplex_forest_straight_2,
          infiniplex_forest_straight_2, infiniplex_forest_lined_2,
          infiniplex_forest_end_2, infiniplex_forest_straight_1,
          infiniplex_forest_straight_4, infiniplex_forest_zigzag_1,
          kennysheep_boxes, uniq_grinder, uniq_robin, uniq_natasha
D:4:      layout_cave_pools, overflow_temple_1_default
D:5:      kb_forest_paths, layout_basic, grunt_temple_overflow_gold_and_silver,
          minivault_4, uniq_menkaure, uniq_edmund
D:6:      layout_basic, minmay_temple_entry_drinking_statues,
          ebering_ghost_reflecting_pool, dk_noncrumbling_4, item_on_display_a

Skill      XL: |  1  2  3  4  5  6  7  8 |
---------------+-------------------------+-----
Axes           | 2 3 4 |  4.4
Armour         | 3 4 |  4.9
Shields        | 3 4 5 |  5.0
Fighting       | 4 5 6 7 |  7.8

Action                   |  1- 3 |  4- 6 |  7- 9 || total
-------------------------+-------+-------+-------++-------
Melee: War axe           |   106 |   152 |   204 ||   462
Throw: Stone             |    86 |    63 |    59 ||   208
Invok: Heroism           |       |       |     2 ||     2
  Use: Scroll            |     4 |     4 |     2 ||    10
       Potion            |     3 |     2 |     7 ||    12
Armor: Scale mail        |    79 |    62 |    77 ||   218
Dodge: Dodged            |    39 |    41 |    37 ||   117
Block: Kite shield       |    65 |    58 |    76 ||   199
